 Dungeon Crawl Stone Soup version 0.13-a0-2318-gf5ad1f9 (webtiles) character file.

220 Kae the Firebug (level 4, -3/24 HPs)
             Began as a Tengu Fire Elementalist on July 10, 2013.
             Slain by a hound (4 damage)
             ... on Level 3 of the Dungeon.
             The game lasted 00:02:54 (2778 turns).

Kae the Firebug (Tengu Fire Elementalist)           Turns: 2778, Time: 00:02:54

HP  -3/24        AC  2     Str  9      XL: 4   Next: 21%
MP   0/8         EV 11     Int 16      God:
Gold 150         SH  7     Dex 14      Spells:  1 memorised,  5 levels left

Res.Fire  : . . .   See Invis. : .   (no weapon)
Res.Cold  : . . .   Warding    : .   a - +0 robe
Life Prot.: . . .   Conserve   : .   g - +0 buckler
Res.Poison: .       Res.Corr.  : .   (helmet restricted)
Res.Elec. : .       Clarity    : .   (no cloak)
Sust.Abil.: . .     Spirit.Shd : .   (no gloves)
Res.Mut.  : .       Stasis     : .   (boots unavailable)
Res.Rott. : .       Flight     : .   (no amulet)
Saprovore : . . .                    (no ring)
                                     (no ring)

@: slightly resistant to hostile enchantments, fairly stealthy
A: beak, talons 3
a: no special abilities


You were on level 3 of the Dungeon.
You were very hungry.

You visited 1 branch of the dungeon, and saw 3 of its levels.

You collected 130 gold pieces.

Inventory:

Armour
 a - a +0 robe (worn)
 g - a +0 buckler (worn)
Comestibles
 c - 2 bread rations
 f - a meat ration
Scrolls
 d - 5 scrolls of identify {unknown}
 e - a scroll of curse jewellery {unknown}
 h - a scroll of enchant armour {unknown}
 k - a scroll of recharging {unknown}
 m - a scroll of fog {unknown}
 r - a scroll of enchant weapon I {unknown}
Jewellery
 j - an uncursed ring of positive energy {unknown}
 q - an uncursed amulet of conservation {unknown}
Potions
 i - a potion of speed {unknown}
 l - 3 potions of heal wounds {unknown}
 n - a potion of degeneration {unknown}
 o - a potion of restore abilities {unknown}
 p - a potion of magic {unknown}
Books
 b - a book of Flames

   Spells                             Type                      Level
   *Flame Tongue                      Conjuration/Fire             1
   Throw Flame                        Conjuration/Fire             2
   Conjure Flame                      Conjuration/Fire             3
   Inner Flame                        Hexes/Fire                   3
   Sticky Flame                       Conjuration/Fire             4
   Fireball                           Conjuration/Fire             5


   Skills:
 - Level 2.1 Dodging
 - Level 2.0 Stealth
 + Level 0.2 Shields
 + Level 0.2 Unarmed Combat
 + Level 1.6 Spellcasting
 * Level 2.8 Conjurations
 * Level 4.5 Fire Magic


You had 5 spell levels left.
You knew the following spells:

 Your Spells              Type           Power        Failure   Level  Hunger
a - Flame Tongue          Conj/Fire      ##...        6%          1    ##.....


Dungeon Overview and Level Annotations

Branches:
Dungeon (3/27)

Altars:
Fedhas
Trog
Xom
Yredelemnul


Innate Abilities, Weirdness & Mutations

You have a beak for a mouth.
You have claws for feet.


Message History

The hound barely misses you.
You hit the hound but do no damage.
The hound is heavily wounded.
The hound barely misses you.
Casting: Flame Tongue
Confirm with . or Enter, or press ? or * to list all spells.
Aiming: Flame Tongue
Press: ? - help, Shift-Dir - straight line, f/p - hound
Aim: a hound (heavily wounded)
The flame hits the hound.
The hound is almost dead.
The hound bites you.
* * * LOW HITPOINT WARNING * * *
The hound closely misses you.
You closely miss the hound. Your peck misses the hound.
The hound is almost dead.
The hound bites you.
* * * LOW HITPOINT WARNING * * *
The hound bites you.
You die...

...... ...
#.....>....#........
#..........<.........
#.........#...........
#.........##..........#
#.........##.?........#
#.........##..>.......+
#.........##..........#
#.....<...##..h@......#
########'###..%.......#
#..# ######'##### #.##
#..# #####.# ##'####
#.....# #.....#
##'##### #.....#
#.....########.....#
#.%...'......'.....#


You could see a hound.

Vanquished Creatures
  An adder (D:2)
  2 worms
  4 giant geckos (D:1)
  8 hobgoblins
  4 kobolds
  9 bats
  5 giant newts
  8 goblins
  2 rats
43 creatures vanquished.

Notes
Turn   | Place    | Note
--------------------------------------------------------------
     0 | D:1      | Kae, the Tengu Fire Elementalist, began the quest for the Orb.
     0 | D:1      | Reached XP level 1. HP: 10/10 MP: 3/3
   314 | D:1      | Reached XP level 2. HP: 6/15 MP: 1/5
   937 | D:1      | Reached skill level 4 in Fire Magic
  1248 | D:1      | Reached XP level 3. HP: 15/19 MP: 6/6
  1644 | D:2      | Found a shimmering altar of Xom.
  1668 | D:2      | Found a basalt altar of Yredelemnul.
  2171 | D:2      | Reached XP level 4. HP: 24/24 MP: 8/8
  2223 | D:2      | Found a bloodstained altar of Trog.
  2441 | D:2      | Found a blossoming altar of Fedhas.
  2778 | D:3      | HP: 1/24 [hound (2)]
  2778 | D:3      | Slain by a hound

Action                   |  1- 3 |  4- 6 || total
-------------------------+-------+-------++-------
Melee: Unarmed           |    21 |    10 ||    31
 Cast: Flame Tongue      |    50 |    23 ||    73
